 Dungeon Crawl Stone Soup version 0.19.5 (webtiles) character file.

38 equalderp2856 the Chiller (level 3, -6/15 HPs)
             Began as a Felid Ice Elementalist on Apr 1, 2017.
             Killed by miscasting Summon Ice Beast (21 damage)
             ... on level 1 of the Dungeon.
             The game lasted 00:07:15 (4036 turns).

equalderp2856 the Chiller (Felid Ice Elementalist)  Turns: 4036, Time: 00:07:16

Health: -6/15      AC:  1    Str:  4    XL:     3   Next: 25%
Magic:  3/7        EV: 19    Int: 16    God:
Gold:   65         SH:  0    Dex: 17    Spells: 2 memorised, 2 levels left
                                        Lives:  0   Deaths: 1

rFire  . . .     SeeInvis +     (weapon unavailable)
rCold  . . .     Gourm    .     (armour unavailable)
rNeg   . . .     Faith    .     (shield unavailable)
rPois  .         Spirit   .     (helmet unavailable)
rElec  .         Reflect  .     (cloak unavailable)
rCorr  .         Harm     .     (gloves unavailable)
MR     .....                    (boots unavailable)
Stlth  +++.......               (no amulet)
                                (no ring)
                                (no ring)

@: very slightly contaminated, quick
A: no armour, no weapons or thrown items, stealth, claws 1, fangs 3, see
invisible, carnivore 3, speed 1, shaggy fur 1, slow metabolism 1, sharp paws
a: no special abilities


You were on level 1 of the Dungeon.
You were not hungry.

You visited 1 branch of the dungeon, and saw 2 of its levels.

You collected 65 gold pieces.

Inventory:

Scrolls
 c - a scroll of magic mapping {unknown}
 g - 2 scrolls of random uselessness {unknown}
 h - 4 scrolls of remove curse {unknown}
 l - a scroll of teleportation {unknown}
 m - a scroll of enchant weapon {unknown}
Potions
 d - 2 potions of flight {unknown}
 e - 2 potions of curing {unknown}
 i - a potion of brilliance {unknown}
 n - a potion of agility {unknown}
 o - a potion of might {unknown}
Books
 a - a book of Frost

   Spells                             Type                      Level
   a - Freeze                         Ice                          1
   b - Throw Frost                    Conjuration/Ice              2
   c - Ozocubu's Armour               Charms/Ice                   3
   d - Throw Icicle                   Conjuration/Ice              4
   e - Summon Ice Beast               Ice/Summoning                4
Comestibles
 b - a meat ration
 f - a royal jelly
 j - a slice of pizza
 k - 2 beef jerkies


   Skills:
 + Level 0.8 Fighting
 + Level 3.5 Dodging
 + Level 3.0 Stealth
 + Level 0.4 Unarmed Combat
 + Level 2.5 Spellcasting
   Level 0.8 Conjurations
 + Level 3.6 Ice Magic


You had 2 spell levels left.
You knew the following spells:

 Your Spells              Type           Power        Failure   Level  Hunger
a - Freeze                Ice            ##..         6%          1    #......
b - Summon Ice Beast      Ice/Summ       #.......     91%         4    #####..


Dungeon Overview and Level Annotations

Branches:
Dungeon (2/15)

Altars:
Dithmenos
Qazlal
The Shining One


Innate Abilities, Weirdness & Mutations

You cannot wear armour.
You are incapable of wielding weapons or throwing items.
Your paws allow you to move quietly. (Stealth)
You have sharp claws.
You have razor-sharp teeth.
You have supernaturally acute eyesight. (SInv)
You are carnivorous and can eat meat at any time.
You cover ground quickly.
You are covered in fur. (AC +1)
You have a slow metabolism.
Your sharp claws are effective at attacking unaware monsters.


Message History

Casting: Summon Ice Beast
Confirm with . or Enter, or press ? or * to list all spells.
The spell is very dangerous to cast!
Continue anyway?
You miscast Summon Ice Beast.
Frost covers your body.
You start resting.
Your magical contamination has completely faded away.
Casting: Summon Ice Beast
Confirm with . or Enter, or press ? or * to list all spells.
The spell is very dangerous to cast!
Continue anyway?
You miscast Summon Ice Beast.
You are very lightly contaminated with residual magic.
Your brain hurts!
You start resting.
Magic restored.
Casting: Summon Ice Beast
Confirm with . or Enter, or press ? or * to list all spells.
The spell is very dangerous to cast!
Continue anyway?
You miscast Summon Ice Beast.
You are encased in ice!
Ouch! That really hurt!
You die...

##....###.....##.#######.##.. #
##.#.#.#.#.#.#.##.# #.####
.###..............##)# #.##.# .
#...#.#.#.#.#.#..#.#######.#...
+..............................
#...#.#.#.#.#.#.(.#.######.....
.###..............##.## #.##.#
.# ##.#.#.#.#.#.###### #.####
##.........รท@# #.#
#######.#.#.#.#.## #.#
.................# #.#
#######.#.#.#.#.## #.#
#........#####.## ..........#
#.# ..........# #.# ..........#
#.# ..........####.#


There were no monsters in sight!

Vanquished Creatures
  2 adders (D:2)
  An ooze (D:2)
  A worm (D:2)
  A dart slug (D:2)
  A leopard gecko (D:2)
  2 giant cockroaches (D:2)
  3 goblins
  6 hobgoblins
  5 jackals
  6 kobolds
  A quokka (D:2)
  A ball python (D:1)
  7 bats
  4 frilled lizards
  20 rats
61 creatures vanquished.

Notes
Turn   | Place    | Note
-------+----------+-------------------------------------------
     0 | D:1      | equalderp2856 the Felid Ice Elementalist began the quest for the Orb.
     0 | D:1      | Reached XP level 1. HP: 7/7 MP: 4/4
   378 | D:1      | Reached XP level 2. HP: 11/11 MP: 4/6
  1396 | D:2      | Found a shadowy altar of Dithmenos.
  1405 | D:2      | Found a stormy altar of Qazlal.
  1405 | D:2      | Found a glowing golden altar of the Shining One.
  1644 | D:2      | Reached XP level 3. HP: 15/15 MP: 3/7
  2479 | D:2      | Reached XP level 4. HP: 18/18 MP: 6/8
  2544 | D:2      | Learned a level 4 spell: Summon Ice Beast
  3796 | D:2      | Killed by miscasting Summon Ice Beast
  3797 | D:2      | Reached XP level 3. HP: -10/15 MP: 0/7
  3806 | D:2      | Noticed an Ice Fiend
  4036 | D:1      | Killed by miscasting Summon Ice Beast

Skill      XL: |  1  2  3 |
---------------+----------+-----
Ice Magic      | 3 |  3.6
Stealth        | 3 |  3.0
Dodging        | 3 |  3.5
Fighting       | |  0.8
Unarmed Combat | |  0.4
Spellcasting   | |  2.5
Conjurations   | |  0.8

Action                   |  1- 3 |  4- 6 || total
-------------------------+-------+-------++-------
Melee: Unarmed           |    69 |     7 ||    76
       Bite              |     3 |       ||     3
 Cast: Freeze            |    60 |     9 ||    69
       Summon Ice Beast  |     1 |     2 ||     3
 Stab: Sleeping          |     6 |     1 ||     7
  Eat: Chunk             |    13 |     2 ||    15
Armor: Skin              |    17 |       ||    17
Dodge: Dodged            |   147 |    10 ||   157
